 Dungeon Crawl Stone Soup version 0.31-a0-931-g7b59d4eb97 (webtiles) character file.

Game seed: 16354227179983898113

309 BinkBink the Trooper (level 6, -4/57 HPs)
             Began as a Minotaur Monk on Oct 19, 2023.
             Killed from afar by Dowan (8 damage)
             ... with a stone arrow
             ... on level 4 of the Dungeon.
             The game lasted 00:02:43 (2212 turns).

BinkBink the Trooper (Minotaur Monk)                Turns: 2212, Time: 00:02:44

Health: -4/57      AC:  3    Str: 16    XL:     6   Next: 17%
Magic:  5/5        EV: 14    Int:  7    God:
Gold:   102        SH:  0    Dex: 14    Spells: 5/5 levels left

rFire   . . .        i - +2 falchion (vamp)
rCold   . . .        d - orb {light}
rNeg    . . .        b - +0 robe
rPois   .            (helmet restricted)
rElec   .            f - +0 cloak
rCorr   .            (no gloves)
SInv    .            (no boots)
Will    .....        (no amulet)
Stlth   +            (no ring)
HPRegen 0.29/turn    (no ring)
MPRegen 0.09/turn

%: no passive effects
@: glowing
A: horns 2, retaliatory headbutt
a: no special abilities


You were on level 4 of the Dungeon.
You visited 1 branch of the dungeon, and saw 5 of its levels.

You collected 102 gold pieces.

Inventory:

Hand Weapons
 i - a +2 vampiric falchion (weapon)
Armour
 b - a +0 robe (worn)
 d - an orb of light (worn)
 f - a +0 cloak (worn)
Scrolls
 c - 2 scrolls of vulnerability {unknown}
 e - 3 scrolls of teleportation {unknown}
 g - a scroll of immolation {unknown}
 k - a scroll of identify {unknown}
 l - a scroll of enchant weapon {unknown}
Potions
 a - 2 potions of enlightenment {unknown}
 h - a potion of lignification {unknown}
 j - a potion of curing {unknown}


   Skills:
 + Level 5.7 Fighting
 + Level 5.6 Long Blades
 + Level 5.1 Dodging


You had 5 spell levels left.
You didn't know any spells.
Your spell library contained the following spells:

 Spells                   Type           Power      Damage    Failure   Level
 Magic Dart               Conj           0%         1d3       43%         1
 Call Imp                 Summ           0%         N/A       56%         2
 Cigotuvi's Dreadful Rot  Necr/Pois/Air  0%         N/A       56%         2
 Ignite Poison            Fire/Tmut/Pois 0%         N/A       80%         3
 Mephitic Cloud           Conj/Pois/Air  0%         N/A       80%         3
 Freezing Cloud           Conj/Ice/Air   0%         6-21      100%        5


Dungeon Overview and Level Annotations

Branches:
Dungeon (5/15)
 Temple: D:4-7

Altars:
Elyvilon

Annotations:
D:3 Sigmund
D:4 Dowan


Innate Abilities, Weirdness & Mutations

You have a pair of horns on your head.
You reflexively headbutt those who attack you in melee.


Message History

You hit Duvessa.
You feel better.
Duvessa is almost dead.
You feel very sick.
Duvessa hits you with a +0 short sword of venom.
You slash Duvessa!
You feel better.
You kill Duvessa!
Dowan screams, "No!
No!"
Dowan seems to find hidden reserves of power!
You feel sick. Dowan gestures at you while chanting. The shard of ice hits you!
* * * LOW HITPOINT WARNING * * *
Your Dodging skill increases to level 5!
You have reached level 6!
You hit Dowan.
Dowan is lightly wounded.
You feel sick. Dowan misses you. You furiously retaliate!
You headbutt Dowan, but do no damage. You hit Dowan.
Dowan is lightly wounded.
You feel sick.
Dowan barely misses you. x2; You furiously retaliate!
You headbutt Dowan. You hit Dowan.
You feel better.
Dowan is heavily wounded.
You feel sick. Dowan hits you with a +0 dagger.
* * * LOW HITPOINT WARNING * * *
Dowan casts a spell.
Dowan blinks!
You start resting.
You feel sick.
Dowan is nearby!
Unknown command.
You feel sick.
Dowan is nearby!
You feel sick.
You feel sick.
You are no longer poisoned.
There is a stone staircase leading down here.
Dowan points at you and mumbles some strange words.
The stone arrow hits you!
You die...

########## .# #........#
.# #........# ..
+....†...# .# #........#
.#######........#
.##.............#
.##......####'##########
................@.......
.##......####e##.#######
.##......# #)##♣#
.##......# #.♣
.##......# #e.
.##......# #♣.
###......# .e #.......
.. ...


You could see Dowan (fast).

Vanquished Creatures
  Duvessa (D:4)
  An orc priest (D:3)
  An iguana (D:4)
  Terence (D:2)
  An orc wizard (D:3)
  3 adders
  4 worms
  4 dart slugs
  3 orcs (D:3)
  2 ball pythons
  5 endoplasms
  3 giant cockroaches
  10 goblins
  2 hobgoblins
  2 quokkas
  3 bats
  5 frilled lizards
  5 kobolds
  3 rats
59 creatures vanquished.

Notes
Turn   | Place    | Note
-------+----------+-------------------------------------------
     0 | D:1      | BinkBink the Minotaur Monk began the quest for the Orb.
     0 | D:1      | Reached XP level 1. HP: 19/19 MP: 0/0
   121 | D:1      | Reached XP level 2. HP: 20/27 MP: 1/1
   728 | D:2      | Found a white marble altar of Elyvilon.
  1032 | D:2      | Noticed Terence
  1041 | D:2      | Killed Terence
  1042 | D:2      | Reached XP level 3. HP: 22/34 MP: 2/2
  1243 | D:2      | Reached XP level 4. HP: 40/41 MP: 3/3
  1685 | D:3      | Noticed Sigmund
  1885 | D:3      | Reached skill level 5 in Fighting
  1885 | D:3      | Reached XP level 5. HP: 48/48 MP: 4/4
  1942 | D:3      | You fall into a shaft and drop 2 floors!
  1942 | D:5      | Entered Level 5 of the Dungeon
  1947 | D:5      | Reached skill level 5 in Long Blades
  2196 | D:4      | Noticed Duvessa
  2197 | D:4      | Noticed Dowan
  2204 | D:4      | Killed Duvessa
  2205 | D:4      | Reached skill level 5 in Dodging
  2205 | D:4      | Reached XP level 6. HP: 13/57 MP: 5/5
  2212 | D:4      | Killed from afar by Dowan

Illustrated notes

Levels and vault maps discovered:
D:1:      erik_arrival_blinker_ship, layout_loops_ring, minmay_fountain_box,
          hangedman_feature_mirror, minmay_misc_feat_secret_circle,
          minmay_tromino_v7
D:2:      layout_loops_corners, basic_altar, minmay_misc_feat_pillars,
          kennysheep_generic_room_5, uniq_terence
D:3:      layout_loops_ring, kennysheep_generic_room_3, uniq_jessica,
          uniq_sigmund
D:4:      layout_basic, gammafunk_temple_overflow_pools,
          minmay_temple_entry_trees, serial_shops, nicolae_shop_tiny_glass,
          serial_forest, infiniplex_forest_lined_3,
          infiniplex_forest_straight_2, infiniplex_forest_clump_curved,
          infiniplex_forest_end_2, infiniplex_forest_lined_ring,
          infiniplex_forest_clump_small, infiniplex_forest_end_1,
          minmay_misc_feat_roman, uniq_pikel, uniq_duvessa
D:5:      layout_rooms

Skill      XL: |  1  2  3  4  5 |
---------------+----------------+-----
Fighting       | 4 5 |  5.7
Long Blades    | 4 5 |  5.6
Dodging        | 4 5 |  5.1

Action                     |  1- 3 |  4- 6 || total
---------------------------+-------+-------++-------
  Melee: Falchion          |    54 |    74 ||   128
         Headbutt          |     6 |    14 ||    20
    Use: Potion            |       |     1 ||     1
 Armour: Robe              |    26 |    38 ||    64
  Dodge: Dodged            |    31 |    45 ||    76

Table legend: (Time is in decaauts)
 A = Elapsed time spent in this place.
 B = Non-inter-level travel time spent in this place.
 C = Inter-level travel time spent in this place.
 D = Time resting spent in this place.
 E = Time spent auto-exploring this place.
 F = Levels seen in this place.
 G = Mean time per level.
                   A        B        C        D        E       F      G
               +--------+--------+--------+--------+--------+-----+--------+
         Total |   2220 |   2183 |     37 |      2 |   1825 |   5 |  444.0 |
       Dungeon |   2220 |   2183 |     37 |      2 |   1825 |   5 |  444.0 |
               +--------+--------+--------+--------+--------+-----+--------+

Top non-repeatable levels by time:
     D:2: 1080 daAuts
     D:1: 730 daAuts
     D:4: 138 daAuts
     D:3: 136 daAuts
     D:5: 133 daAuts
